 Dungeon Crawl Stone Soup version 0.31.0-1-g2c135a0 (webtiles) character file.

Game seed: 16244977127043781336

24 edsrzf the Slasher (level 3, 6/24 HPs)
             Began as an Octopode Reaver on Jan 31, 2024.
             Was a Follower of Trog.
             Quit the game on level 2 of the Dungeon.
             The game lasted 00:01:34 (738 turns).

edsrzf the Slasher (Octopode Reaver)                 Turns: 738, Time: 00:01:35

Health: 6/24       AC:  1    Str: 11    XL:     3   Next: 2%
Magic:  6/6        EV: 13    Int: 17    God:    Trog [*.....]
Gold:   51         SH:  0    Dex: 10    Spells: 5/6 levels left

rFire   . . .        a - +0 falchion
rCold   . . .        (no shield)
rNeg    . . .        (helmet restricted)
rPois   .            (no amulet)
rElec   .            (no ring)
rCorr   .            (no ring)
SInv    .            (no ring)
Will    .....        (no ring)
Stlth   +++          (no ring)
HPRegen 0.24/turn    (no ring)
MPRegen 0.10/turn    (no ring)
                     (no ring)

%: no passive effects
@: no status effects
A: almost no armour, amphibious, 8 rings, camouflage 1, gelatinous body 1,
(nimble swimmer 1), tentacles
a: Renounce Religion, Berserk


You were on level 2 of the Dungeon.
You worshipped Trog.
Trog was aware of your devotion.
You visited 1 branch of the dungeon, and saw 2 of its levels.

You collected 51 gold pieces.

Inventory:

Hand Weapons
 a - a +0 falchion (weapon)
Missiles
 c - 2 poisoned darts
Scrolls
 b - 2 scrolls of fog {unknown}
 d - a scroll of blinking {unknown}
 f - 2 scrolls of identify {unknown}
 g - 2 scrolls of fear {unknown}
Potions
 e - a potion of curing {unknown}
 h - a potion of enlightenment {unknown}
 i - 2 potions of heal wounds {unknown}


   Skills:
 - Level 2.0 Fighting
 + Level 3.5 Long Blades
 - Level 2.0 Dodging
 + Level 2.5 Stealth
 - Level 2.0 Spellcasting
 - Level 3.0 Conjurations


You had 5 spell levels left.
You knew the following spells:

 Your Spells              Type           Power      Damage    Failure   Level
a - Kiss of Death         Conj/Necr      24%        2d7       11%         1

Your spell library contained the following spells:

 Spells                   Type           Power      Damage    Failure   Level
 Momentum Strike          Conj/Tloc      12%        3d8       16%         2
 Slow                     Hex            4%         N/A       19%         1
 Hailstorm                Conj/Ice       6%         3d5       30%         3
 Confusing Touch          Hex            1%         N/A       50%         3
 Sigil of Binding         Hex            1%         N/A       50%         3
 Vampiric Draining        Necr           1%         2d6       50%         3


Dungeon Overview and Level Annotations

Branches:
Dungeon (2/15)

Altars:
Trog


Innate Abilities, Weirdness & Mutations

You cannot wear most types of armour.
You are amphibious.
You can wear up to eight rings at the same time.
Your skin changes colour to match your surroundings (Stealth+).
Your rubbery body absorbs attacks. (AC +1, EV +1)
((You are camouflaged when in or above water. (Stealth+)))
You have tentacles for arms and can constrict up to eight enemies at once.


Message History

You kill the bat!
Trog accepts your kill.
You see here a bat corpse.
Found a stone staircase leading down.
An endoplasm comes into view.
The endoplasm quivers.
A goblin comes into view. It is wielding a +0 club.
There is a stone staircase leading down here.
You hit the endoplasm but do no damage.
The goblin shouts!
The endoplasm freezes you.
You are frozen.
You hit the endoplasm.
The endoplasm is severely wounded.
A bat comes into view.
The endoplasm closely misses you.
You hit the endoplasm.
You kill the endoplasm!
Trog accepts your kill.
There is a stone staircase leading down here.
The bat misses you. The bat hits you but does no damage.
You closely miss the goblin. You grab the goblin. You constrict the goblin.
The goblin hits you with a +0 club.
You slash the goblin!
You kill the goblin!
Trog accepts your kill. The bat barely misses you.
The bat hits you but does no damage. The bat hits you but does no damage.
There is a stone staircase leading down, spattered with blood here.
You see here a +0 club.
You barely miss the bat. You grab the bat. You constrict the bat.
The bat misses you.
The bat escapes!
The bat hits you but does no damage.
You miss the bat. You grab the bat.
The bat is moderately wounded.
You constrict the bat. The bat hits you but does no damage. x2
You hit the bat.
You kill the bat!
Trog accepts your kill.
You start resting.
HP restored.
You see here a bat corpse.
You now have 44 gold pieces (gained 16).
Found a stone staircase leading down.
You now have 51 gold pieces (gained 7).
A quokka comes into view.
A bat comes into view.
The bat moves out of view.
Found a fizzy orange potion.
The bat hits you but does no damage. The bat barely misses you.
You closely miss the bat. Your grab misses the bat.
The bat hits you but does no damage. The bat hits you.
You barely miss the bat. Your grab misses the bat. The bat hits you.
The bat closely misses you. The bat barely misses you.
You slash the bat!
You kill the bat!
Trog accepts your kill.
The helpless quokka fails to defend itself.
You slash the quokka!
You kill the quokka!
Trog accepts your kill.
i - a fizzy orange potion
Found a whip.
Found a short sword.
You see here a +0 whip.
A ribbon worm comes into view.
You see here a fizzy orange potion.
i - 2 fizzy orange potions (gained 1)
The ribbon worm bites you!
You hit the ribbon worm. You grab the ribbon worm.
The ribbon worm is moderately wounded.
You constrict the ribbon worm.
You hit the ribbon worm but do no damage.
The ribbon worm is moderately wounded.
You constrict the ribbon worm. The ribbon worm closely misses you.
You hit the ribbon worm.
The ribbon worm is severely wounded.
You constrict the ribbon worm. The ribbon worm bites you.
You hit the ribbon worm but do no damage.
The ribbon worm is severely wounded.
You constrict the ribbon worm. The ribbon worm bites you.
* * * LOW HITPOINT WARNING * * *
You hit the ribbon worm but do no damage.
The ribbon worm is almost dead.
You constrict the ribbon worm.
The ribbon worm expels a string of sticky webbing.
The stream of webbing hits you but does no damage.
You are caught in a web!
The web tears apart.
You constrict the ribbon worm.
You kill the ribbon worm!
Trog accepts your kill.
You have reached level 3!
Your experience leads to an increase in your attributes!
Increase (S)trength, (I)ntelligence, or (D)exterity?
You feel clever.
You feel clever.
Unknown command.
Are you sure you want to abandon this character and quit the game? (Confirm with "yes".)

#.. .####.. .... ##...#..# )..
........ ..# #.....#########
###.# #...........@.#####...#
##..##########.......#
##....#############..)#####
##..##...............#.....#####
##....>†....## ###########......
#..########..#### #...... ...#
##....### ######...... ..##
####...# #........... ###
###.####.####......


There were no monsters in sight!

Vanquished Creatures
  A ribbon worm (D:2)
  A ball python (D:1)
  3 endoplasms
  A giant cockroach (D:1)
  2 goblins
  2 quokkas
  6 bats
  A frilled lizard (D:1)
  A rat (D:1)
  A spectral goblin (D:1)
19 creatures vanquished.

Notes
Turn   | Place    | Note
-------+----------+-------------------------------------------
     0 | D:1      | edsrzf the Octopode Reaver began the quest for the Orb.
     0 | D:1      | Reached XP level 1. HP: 14/14 MP: 3/3
    44 | D:1      | Found a faded altar of an unknown god.
    84 | D:1      | Prayed at the altar of an unknown god.
    84 | D:1      | Became a worshipper of Trog the Wrathful
    84 | D:1      | Reached * piety under Trog
   191 | D:1      | Reached skill level 1 in Stealth
   307 | D:1      | Reached XP level 2. HP: 15/19 MP: 5/5
   549 | D:1      | Reached skill level 2 in Stealth
   738 | D:2      | Reached XP level 3. HP: 6/24 MP: 6/6
   738 | D:2      | Quit the game

Illustrated notes

Levels and vault maps discovered:
D:1:      beargit_arrival_greenhouse, layout_basic,
          dreamdust_ecumenical_altar_drowned_temple
D:2:      layout_rooms

Skill      XL: |  1  2 |
---------------+-------+-----
Stealth        | 1 2 |  2.5
Fighting       | |  2.0
Long Blades    | |  3.5
Dodging        | |  2.0
Spellcasting   | |  2.0
Conjurations   | |  3.0

Action                     || total
---------------------------++-------
  Melee: Falchion          ||    52
         Constrict         ||     8
         Tentacles         ||     3
   Stab: Sleeping          ||     5
 Armour: Skin              ||    40
  Dodge: Dodged            ||    37
